 Dungeon Crawl Stone Soup version 0.30.0-17-ge0270778cf (webtiles) character file.

Game seed: 9837078674979663374

476 gelatine the Shooter (level 6, -2/40 (47) HPs)
             Began as a Demonspawn Hunter on May 21, 2023.
             Was an Initiate of Qazlal.
             Slain by a wight
             ... wielding a +3 flail
              (5 damage)
             ... on level 5 of the Dungeon.
             The game lasted 00:11:14 (4072 turns).

gelatine the Shooter (Demonspawn Hunter)            Turns: 4072, Time: 00:11:15

HP:   -2/40 (47)    AC:  6    Str: 11    XL:     6   Next: 84%
MP:   6/6           EV: 12    Int: 10    God:    Qazlal [......]
Gold: 247           SH:  0    Dex: 19    Spells: 5/5 levels left

rFire   . . .        a - +0 shortbow
rCold   . . .        (shield currently unavailable)
rNeg    . . .        c - +0 leather armour
rPois   .            (no helmet)
rElec   .            (no cloak)
rCorr   .            r - +0 pair of gloves
SInv    .            (no boots)
Will    .....        (no amulet)
Stlth   ++           (no ring)
HPRegen 0.26/turn    (no ring)
MPRegen 0.10/turn

%: no passive effects
@: about to teleport, heavily drained
A: thin metallic scales 1, powered by death 1
a: Renounce Religion


You were on level 5 of the Dungeon.
You worshipped Qazlal.
Qazlal was noncommittal.
You visited 2 branches of the dungeon, and saw 7 of its levels.

You collected 346 gold pieces.
You spent 99 gold pieces at shops.

Inventory:

Hand Weapons
 a - a +0 shortbow (weapon)
 p - a +0 sling
Armour
 c - a +0 leather armour (worn)
 r - a +0 pair of gloves (worn)
Wands
 t - a wand of polymorph (24)
Scrolls
 b - 4 scrolls of immolation
 d - a scroll of fog
 g - 2 scrolls of teleportation
 h - 3 scrolls of vulnerability
 k - 2 scrolls of magic mapping {unknown}
 l - 2 scrolls of enchant weapon {unknown}
 n - 2 scrolls of blinking {unknown}
 o - a scroll of poison {unknown}
 u - a scroll of torment {unknown}
Potions
 e - 2 potions of brilliance
 f - a potion of berserk rage
 i - 2 potions of heal wounds
 j - 4 potions of flight
 m - 3 potions of curing
 q - 2 potions of lignification
 s - a potion of mutation {unknown}


   Skills:
 * Level 3.0 Fighting
 * Level 6.1 Ranged Weapons
 * Level 1.7 Armour
 * Level 2.6 Dodging
 * Level 2.2 Stealth
 + Level 0.1 Unarmed Combat
 * Level 0.6 Invocations
 * Level 0.3 Evocations


You had 5 spell levels left.
You didn't know any spells.
Your spell library was empty.

Dungeon Overview and Level Annotations

Branches:
Dungeon (6/15)             Temple (1/1) D:4

Altars:
Cheibriados
Dithmenos
Fedhas
Hepliaklqana
Kikubaaqudgha
Makhleb
Nemelex Xobeh
Okawaru
Qazlal
Sif Muna
Uskayaw
Vehumet
Wu Jian
Xom

Shops:
D:1 [   D:2 *


Innate Abilities, Weirdness & Mutations

You are partially covered in thin metallic scales. (AC +2)
You regenerate a little health from kills.


Message History

There is a stone staircase leading up here.
The wight barely misses you. The wight hits you with a +0 halberd!
You feel drained. The wight closely misses you.
You climb upwards.
Found 4 stones.
There is a stone staircase leading down here.
You shoot an arrow.
The arrow hits the wight but does no damage.
The wight barely misses you. The wight hits you with a +0 halberd!
You feel drained. The wight barely misses you.
You shoot an arrow. The arrow hits the wight.
The wight is moderately damaged.
The wight closely misses you. The wight barely misses you.
The wight hits you with a +3 flail!
You feel drained.
You are too injured to fight recklessly!
You are too injured to fight recklessly!
You are too injured to fight recklessly!
You are too injured to fight recklessly!
You are too injured to fight recklessly!
Fire: a) +0 shortbow
Press: ? - help, Q - select action, (/) - cycle Shift-Dir - straight line, f/p - wight
Aim: a wight, wielding a +3 flail and wearing a +0 robe (moderately damaged, 65% to hit)
You shoot an arrow. The arrow hits the wight!
The wight is severely damaged.
The wight closely misses you. The wight hits you with a +0 halberd.
* * * LOW HITPOINT WARNING * * *
You feel drained.
* * * LOW HITPOINT WARNING * * *
The wight hits you with a +3 flail.
* * * LOW HITPOINT WARNING * * *
You feel drained.
* * * LOW HITPOINT WARNING * * *
Unknown command.
As you read the scroll of teleportation, it crumbles to dust.
You feel strangely unstable. The wight hits you with a +0 halberd.
* * * LOW HITPOINT WARNING * * *
You feel drained.
* * * LOW HITPOINT WARNING * * *
The wight hits you but does no damage. The wight hits you with a +3 flail.
You die...

...# ...#
# ...##..
......
....#
##...
#zz####.#
#@z......
#########


You could see 3 wights.

Vanquished Creatures
  An ice beast (D:6)
  2 scorpions (D:4)
  A sleepcap (D:4)
  Jessica (D:2)
  An orc wizard (D:4)
  5 adders
  4 gnolls (D:4)
  2 worms
  4 dart slugs
  5 orcs
  12 endoplasms
  5 giant cockroaches
  7 goblins
  7 hobgoblins
  4 jackals (D:1)
  5 kobolds
  5 quokkas
  8 ball pythons
  A bat (D:1)
  2 rats (D:1)
82 creatures vanquished.

Notes
Turn   | Place    | Note
-------+----------+-------------------------------------------
     0 | D:1      | gelatine the Demonspawn Hunter began the quest for the Orb.
     0 | D:1      | Reached XP level 1. HP: 16/16 MP: 1/1
    62 | D:1      | Reached skill level 1 in Stealth
    63 | D:1      | Gained mutation: You are partially covered in thin metallic
                  | scales. (AC +2) [demonic ancestry]
    63 | D:1      | Reached XP level 2. HP: 22/22 MP: 2/2
    86 | D:1      | Reached skill level 4 in Ranged Weapons
   303 | D:1      | Found Hoanwi Qeum's Antique Armour Shop.
   749 | D:1      | Reached XP level 3. HP: 27/27 MP: 3/3
   967 | D:2      | Found Beivopn's Assorted Antiques.
   978 | D:2      | Bought a viscous ruby potion for 24 gold pieces
   978 | D:2      | Bought a scroll labelled FIABUA WEGG for 27 gold pieces
   978 | D:2      | Bought a viscous ruby potion for 24 gold pieces
   978 | D:2      | Bought an emerald potion for 24 gold pieces
  1032 | D:2      | Noticed Jessica
  1043 | D:2      | Killed Jessica
  1044 | D:2      | Reached XP level 4. HP: 24/34 MP: 4/4
  2232 | D:4      | Noticed a scorpion
  2286 | D:4      | Reached skill level 1 in Armour
  2348 | D:4      | Noticed a scorpion
  2359 | D:4      | Reached skill level 5 in Ranged Weapons
  2366 | D:4      | Killed a scorpion
  2367 | D:4      | Gained mutation: You regenerate a little health from kills.
                  | [demonic ancestry]
  2367 | D:4      | Reached XP level 5. HP: 16/39 MP: 5/5
  2708 | D:3      | Reached XP level 6. HP: 27/46 MP: 6/6
  3167 | D:4      | Found a staircase to the Ecumenical Temple.
  3206 | Temple   | Entered the Ecumenical Temple
  3490 | Temple   | Became a worshipper of Qazlal Stormbringer
  3674 | D:4      | You fall into a shaft and drop 2 floors!
  3898 | D:6      | Noticed an ice beast
  3920 | D:6      | Killed an ice beast
  3921 | D:6      | Reached skill level 6 in Ranged Weapons
  4068 | D:5      | Entered Level 5 of the Dungeon
  4072 | D:5      | Slain by a wight

Illustrated notes

Levels and vault maps discovered:
D:1:      roderic_octagonal_star, layout_basic, serial_shops,
          nicolae_shop_statue_plus
D:2:      layout_basic, serial_shops, nicolae_shop_advertising_works
          [nicolae_subvault_shop_adworks], minmay_misc_feat_alley, st_stairs_1,
          chequers_serial_rivers_small_3, kennysheep_donut,
          corexii_leaking_fountain, amethyst_killhole, minmay_pentomino_v2,
          uniq_jessica
D:3:      layout_basic
D:4:      layout_gridville, minmay_temple_entry_ruins, serial_bayou_lagoon_a,
          minmay_door_square, minmay_bent
D:5:      layout_basic, chequers_big_river
D:6:      layout_basic, nicolae_ashenzari_panopticon, serial_co_window_serial,
          co_window_corner_a, co_window_corner_a, co_window_corner_a,
          co_window_of_opportunity_a, co_window_paths_a,
          co_window_of_opportunity_a, co_window_paths_a, co_window_2corner,
          co_window_cross_3, co_window_unsneaky_path_c,
          co_window_unsneaky_path_e, co_window_corner_ca, glass_columns_b,
          glass_columns_b, glass_columns_c
Temple:   compressed_dpeg_triangle_lava_temple

Skill      XL: |  1  2  3  4  5  6 |
---------------+-------------------+-----
Stealth        | 1 2 |  2.2
Ranged Weapons | 4 5 6 |  6.1
Dodging        | 2 |  2.6
Armour         | 1 |  1.7
Fighting       | 3 |  3.0
Unarmed Combat | |  0.1
Invocations    | |  0.6
Evocations     | |  0.3

Action                     |  1- 3 |  4- 6 || total
---------------------------+-------+-------++-------
  Melee: Unarmed           |       |     3 ||     3
   Fire: Shortbow          |   112 |   182 ||   294
    Use: Scroll            |     4 |     6 ||    10
         Potion            |       |     1 ||     1
   Stab: Confused          |       |     1 ||     1
 Armour: Leather armour    |    14 |    34 ||    48
  Dodge: Dodged            |    25 |    77 ||   102
